 Dungeon Crawl Stone Soup version 0.24.0-35-gdb84b6a5db (webtiles) character file.

Game seed: 15484227858197291912, levelgen mode: deterministic

955 MiernyMiazsz the Chopper (level 8, -4/68 HPs)
             Began as a Hill Orc Fighter on Nov 19, 2019.
             Was a Priest of Zin.
             Killed by divine providence
             ... invoked by an orc priest
              (14 damage)
             ... on level 5 of the Dungeon.
             The game lasted 00:13:13 (6538 turns).

MiernyMiazsz the Chopper (Hill Orc Fighter)         Turns: 6538, Time: 00:13:14

Health: -4/68      AC:  9    Str: 21    XL:     8   Next: 14%
Magic:  8/8        EV:  8    Int:  8    God:    Zin [***...]
Gold:   235        SH: 10    Dex: 10    Spells: 7/7 levels left

rFire    . . .     SeeInvis .   a - +0 war axe
rCold    . . .     Gourm    .   c - +0 shield
rNeg     . . .     Faith    .   b - +1 scale mail
rPois    .         Spirit   .   (no helmet)
rElec    .         Reflect  .   o - +0 cloak
rCorr    .         Harm     .   (no gloves)
MR       .....                  (no boots)
Stlth    ..........             (no amulet)
HPRegen  0.21/turn              (no ring)
MPRegen  0.11/turn              (no ring)

@: very slightly contaminated
A: no striking features
a: Recite, Vitalisation, Imprison, Donate Gold, Renounce Religion, Convert to
Beogh


You were on level 5 of the Dungeon.
You worshipped Zin.
Zin was most pleased with you.
You were hungry.

You visited 1 branch of the dungeon, and saw 5 of its levels.

You collected 261 gold pieces.
You donated 26 gold pieces to Zin.

Inventory:

Hand Weapons
 a - a +0 war axe (weapon)
Armour
 b - a +1 scale mail (worn)
 c - a +0 shield (worn)
 o - a +0 cloak (worn)
Scrolls
 e - 2 scrolls of fear
 h - a scroll of enchant weapon {unknown}
 j - 3 scrolls of remove curse
 l - 3 scrolls of blinking
 m - 2 scrolls of identify
 p - a scroll of teleportation
Potions
 d - a potion of might
 g - 2 potions of lignification
 i - a potion of invisibility
 k - a potion of ambrosia
 n - 2 potions of curing {unknown}
 q - 2 potions of heal wounds {unknown}
 r - a potion of agility {unknown}
Comestibles
 f - 4 rations


   Skills:
 + Level 5.2 Fighting
 + Level 7.5 Axes
 + Level 5.6 Armour
 + Level 2.2 Dodging
 + Level 0.4 Stealth
 + Level 5.3 Shields


You had 7 spell levels left.
You didn't know any spells.
Your spell library was empty.

Dungeon Overview and Level Annotations

Branches:
Dungeon (5/15)
 Temple: D:4-7

Altars:
Elyvilon
Nemelex Xobeh
Qazlal
Vehumet
Wu Jian
Zin
The Shining One


Message History

You kill the hound!
The orc priest invokes the aid of Beogh against you.
Beogh smites you!
* * * LOW HITPOINT WARNING * * *
You barely miss the orc. You block the orc's attack.
The orc priest mumbles some strange prayers to Beogh against you.
Beogh smites you!
* * * LOW HITPOINT WARNING * * *
The orc priest threatens, "By the altar or by the axe, you will meet Beogh!"
There is an open door here.
You fade into invisibility!
The orc hits you but does no damage.
You are very lightly contaminated with residual magic.
You flicker for a moment.
The orc barely misses you.
You flicker back into view.
The orc priest looks satisfied for a moment.
The orc priest calls down the wrath of Beogh upon you.
Beogh smites you!
You die...

.#.#..#.# ###...........#.##.
...#..#.# #.......#####.#....
.....<#.# #.......# #.#####
#..#..#.# #.......# #.#....
...#..#.# ##+#'########.#....
#..#.(#.########.#..##........#..
).((.(.(...........).'........'..
..##(##.#...........##........#..
.....##.#.......@oo..#........#.)
......).#..........#o#........#..
..)..####..........#.#........#..
####.# #..........#.#........#..
#.# #..........#l#........#.. #.#
#..........#o..oo.....#.. #.#
#..........##.#####'##### ####.#
#....|.....##..# #.# ...[.#
#..........###.# #o#


You could see 2 orc priests and an orc.

Vanquished Creatures
  Sigmund (D:5)
  A phantom (D:4)
  An ogre (D:5)
  2 centaurs
  2 scorpions (D:4)
  An orc wizard (D:4)
  2 hounds (D:5)
  A bullfrog skeleton (D:5)
  Crazy Yiuf (D:3)
  Jessica (D:3)
  Ijyb (D:4)
  Robin (D:3)
  A gnoll (D:1)
  6 adders
  An ooze (D:3)
  2 worms (D:2)
  4 dart slugs
  12 orcs
  9 bats
  4 giant cockroaches
  13 goblins
  10 hobgoblins
  4 jackals (D:1)
  4 kobolds
  2 quokkas
  10 frilled lizards
  A giant cockroach zombie (D:5)
  8 rats
  A plant (D:1)
107 creatures vanquished.

Notes
Turn   | Place    | Note
-------+----------+-------------------------------------------
     0 | D:1      | MiernyMiazsz the Hill Orc Fighter began the quest for the
                  | Orb.
     0 | D:1      | Reached XP level 1. HP: 19/19 MP: 1/1
    96 | D:1      | Reached skill level 3 in Axes
   101 | D:1      | Reached XP level 2. HP: 27/27 MP: 2/2
   429 | D:1      | Reached XP level 3. HP: 31/33 MP: 3/3
  1241 | D:2      | Reached XP level 4. HP: 30/40 MP: 4/4
  1682 | D:2      | Found a stormy altar of Qazlal.
  1835 | D:2      | Reached skill level 4 in Axes
  1915 | D:2      | Found a white marble altar of Elyvilon.
  2176 | D:3      | Found a faded altar of an unknown god.
  2242 | D:3      | Became a worshipper of Zin the Law-Giver
  2242 | D:3      | Reached * piety under Zin
  2396 | D:3      | Reached ** piety under Zin
  2494 | D:3      | Noticed a centaur
  2505 | D:3      | Killed a centaur
  2505 | D:3      | Reached XP level 5. HP: 14/47 MP: 5/5
  2872 | D:3      | Reached skill level 5 in Axes
  2893 | D:3      | Found a sparkling altar of Nemelex Xobeh.
  2927 | D:3      | Noticed Robin
  2962 | D:3      | Killed Robin
  2962 | D:3      | Reached XP level 6. HP: 17/53 MP: 6/6
  3231 | D:3      | Noticed Jessica
  3237 | D:3      | Killed Jessica
  3472 | D:3      | Found a runed translucent door.
  3473 | D:3      | Noticed Crazy Yiuf
  3594 | D:3      | Killed Crazy Yiuf
  3694 | D:4      | Reached skill level 1 in Dodging
  3699 | D:4      | Noticed a phantom
  4154 | D:4      | Killed a phantom
  4427 | D:4      | Reached skill level 6 in Axes
  4429 | D:4      | Reached XP level 7. HP: 38/60 MP: 7/7
  4856 | D:4      | Reached *** piety under Zin
  5069 | D:4      | Found a radiant altar of Vehumet.
  5069 | D:4      | Noticed Ijyb
  5074 | D:4      | Paralysed by Ijyb for 6 turns
  5083 | D:4      | Paralysed by Ijyb for 7 turns
  5095 | D:4      | Killed Ijyb
  5244 | D:4      | Reached skill level 5 in Armour
  5257 | D:5      | Entered Level 5 of the Dungeon
  5468 | D:5      | Reached skill level 5 in Shields
  5811 | D:5      | Noticed Sigmund
  5845 | D:5      | Reached skill level 5 in Fighting
  6250 | D:5      | Killed Sigmund
  6250 | D:5      | Reached skill level 7 in Axes
  6250 | D:5      | Reached XP level 8. HP: 62/68 MP: 8/8
  6419 | D:5      | Found a glowing golden altar of the Shining One.
  6437 | D:5      | Found an ornate altar of the Wu Jian Council.
  6538 | D:5      | Killed from afar by an orc priest

Levels and vault maps discovered:
D:1:      dpeg_arrival_tiny_h, layout_loops_ring, serial_forest,
          infiniplex_forest_end_3, infiniplex_forest_straight_4,
          infiniplex_forest_clump_diagonal, infiniplex_forest_lined_room_3
D:2:      layout_loops_ring, lemuel_doored_altar, elyvilon_altar_3
D:3:      layout_basic, overflow_temple_1_default, first_ration,
          chequers_ecumenical_altar_simple, uniq_robin, uniq_crazy_yiuf_cottage,
          uniq_jessica
D:4:      layout_loops_cross, lemuel_coloured_pillars_altar, uniq_ijyb
D:5:      layout_basic, grunt_temple_overflow_open,
          chequers_serial_rivers_marsh, uniq_sigmund

Skill      XL: |  1  2  3  4  5  6  7 |
---------------+----------------------+-----
Axes           | 3 4 5 6 7 |  7.5
Fighting       | 4 5 |  5.2
Armour         | 4 5 |  5.6
Shields        | 4 5 |  5.3
Dodging        | 1 2 |  2.2
Stealth        | |  0.4

Action                   |  1- 3 |  4- 6 |  7- 9 || total
-------------------------+-------+-------+-------++-------
Melee: War axe           |   138 |   255 |    85 ||   478
  Use: Scroll            |     3 |     7 |       ||    10
       Potion            |       |     1 |     2 ||     3
  Eat: Chunk             |     1 |     3 |       ||     4
       Ration            |       |     3 |     1 ||     4
Armor: Scale mail        |    62 |   124 |    33 ||   219
Dodge: Dodged            |    44 |    78 |    26 ||   148
Block: Shield            |    63 |   135 |    43 ||   241
